 Dungeon Crawl Stone Soup version 0.24-a0-549-g45f0056d81 (webtiles) character file.

Game seed: 928241126317330258

178 DasRunzen the Skirmisher (level 5, 0/47 HPs)
             Began as a Minotaur Fighter on Aug 19, 2019.
             Slain by an orc warrior
             ... wielding a +0 trident
              (20 damage)
             ... on level 3 of the Dungeon.
             The game lasted 00:03:00 (1913 turns).

DasRunzen the Skirmisher (Minotaur Fighter)         Turns: 1913, Time: 00:03:00

Health: 0/47       AC:  8    Str: 21    XL:     5   Next: 32%
Magic:  4/4        EV:  7    Int:  5    God:
Gold:   80         SH:  9    Dex: 10    Spells: 4/4 levels left

rFire    . . .     SeeInvis .   a - +0 war axe
rCold    . . .     Gourm    .   c - +0 shield
rNeg     + . .     Faith    .   b - +0 scale mail
rPois    .         Spirit   .   (helmet restricted)
rElec    .         Reflect  .   t - +0 cloak
rCorr    .         Harm     +   (no gloves)
MR       .....                  (no boots)
Stlth    ..........             i - amulet of harm
HPRegen  0.15/turn              j - ring of positive energy
MPRegen  0.09/turn              (no ring)

@: no status effects
A: retaliatory headbutt, horns 2
a: no special abilities


You were on level 3 of the Dungeon.
You were not hungry.

You visited 1 branch of the dungeon, and saw 3 of its levels.

You collected 80 gold pieces.

Inventory:

Hand Weapons
 a - a +0 war axe (weapon)
Armour
 b - a +0 scale mail (worn)
 c - a +0 shield (worn)
 t - a +0 cloak (worn)
Jewellery
 i - an amulet of harm (around neck)
 j - a ring of positive energy (left hand)
Scrolls
 h - 2 scrolls of remove curse
Potions
 d - 2 potions of might
 e - a potion of brilliance
 k - a potion of heal wounds {unknown}
 l - 2 potions of resistance {unknown}
 m - a potion of curing
 p - a potion of flight {unknown}
Comestibles
 f - 2 rations


   Skills:
 + Level 4.8 Fighting
 + Level 4.0 Axes
 + Level 4.7 Armour
 + Level 4.8 Shields


You had 4 spell levels left.
You didn't know any spells.
Your spell library contained the following spells:

 Spells                   Type           Power        Failure   Level  Hunger
 Beastly Appendage        Tmut           #.....       99%         1    ##.....
 Sticks to Snakes         Tmut           #.......     100%        2    ###....
 Spider Form              Tmut/Pois      #.........   100%        3    ####...
 Ice Form                 Ice/Tmut       #.......     100%        4    #####..
 Blade Hands              Tmut           #.........   100%        5    ######.


Dungeon Overview and Level Annotations

Branches:
Dungeon (3/15)

Altars:
Gozag
Kikubaaqudgha
Nemelex Xobeh
Sif Muna
Trog
Uskayaw
Wu Jian
The Shining One

Annotations:
D:3 1 transporter


Innate Abilities, Weirdness & Mutations

You reflexively headbutt those who attack you in melee.
You have a pair of horns on your head.


Message History

You are too injured to fight recklessly!
You closely miss the orc warrior.
The orc warrior is severely wounded.
You hit the orc but do no damage. You slash the orc!
You kill the orc!
The orc hits you but does no damage. The orc warrior barely misses you.
Unknown command.
You barely miss the orc warrior.
You headbutt the orc warrior, but do no damage.
The orc warrior is severely wounded.
You hit the orc. You block the orc warrior's attack.
The orc hits you but does no damage.
Unknown command.
You hit the orc warrior but do no damage.
Your headbutt misses the orc warrior.
The orc warrior is severely wounded.
You hit the orc but do no damage. You closely miss the orc.
The orc hits you but does no damage.
The orc warrior hits you with a +0 trident!
You die...

### .. # ###.### .####
# ##.....## .....
#.#.......#......
#.#....$..#......
#....._.)oo......
#.....o@# #.......# ..
.. ## ##.....##... #.#
#..####†####... #.#
#.............. .#.#
#.####.....##.. .#.#
#.#####...### ...#
#...........#
##.#####..........####


You could see an orc warrior and 2 orcs.

Vanquished Creatures
  An orc priest (D:3)
  An orc wizard (D:2)
  Terence (D:2)
  3 adders (D:2)
  An ooze (D:1)
  A worm (D:2)
  A leopard gecko (D:2)
  7 orcs
  6 giant cockroaches
  4 goblins
  4 hobgoblins
  10 bats
  2 frilled lizards
  8 kobolds
  5 rats
55 creatures vanquished.

Notes
Turn   | Place    | Note
-------+----------+-------------------------------------------
     0 | D:1      | DasRunzen the Minotaur Fighter began the quest for the Orb.
     0 | D:1      | Reached XP level 1. HP: 19/19 MP: 0/0
    44 | D:1      | Reached XP level 2. HP: 20/27 MP: 1/1
   839 | D:2      | Found a hide-covered altar of Uskayaw.
   839 | D:2      | Found a glowing golden altar of the Shining One.
   839 | D:2      | Found a sparkling altar of Nemelex Xobeh.
   839 | D:2      | Found a shimmering blue altar of Sif Muna.
   839 | D:2      | Found an ornate altar of the Wu Jian Council.
   840 | D:2      | Found an ancient bone altar of Kikubaaqudgha.
   840 | D:2      | Found a bloodstained altar of Trog.
   868 | D:2      | Reached XP level 3. HP: 27/33 MP: 2/2
   930 | D:2      | Reached XP level 4. HP: 14/40 MP: 3/3
  1390 | D:2      | Noticed Terence
  1402 | D:2      | Killed Terence
  1864 | D:3      | Found a transporter.
  1874 | D:3      | Reached XP level 5. HP: 46/47 MP: 4/4
  1894 | D:3      | Found an opulent altar of Gozag.
  1902 | D:3      | Noticed an orc warrior
  1913 | D:3      | Slain by an orc warrior

Levels and vault maps discovered:
D:1:      tarquinn_simple_flora_water_e, layout_basic, serial_corexii_hall,
          corexii_hall_statues_x, corexii_hall_statues_l,
          minmay_misc_feat_plants
D:2:      layout_basic, grunt_temple_overflow_open, uniq_terence
D:3:      gammafunk_steamed_eel, layout_rooms, old_standard_altar

Skill      XL: |  1  2  3  4  5 |
---------------+----------------+-----
Fighting       | 4 |  4.8
Shields        | 4 |  4.8
Armour         | 4 |  4.7
Axes           | 3 4 |  4.0

Action                   |  1- 3 |  4- 6 || total
-------------------------+-------+-------++-------
Melee: War axe           |    62 |    63 ||   125
       Headbutt          |     5 |    10 ||    15
  Use: Scroll            |     2 |     5 ||     7
  Eat: Chunk             |       |     3 ||     3
Armor: Scale mail        |    30 |    38 ||    68
Dodge: Dodged            |    26 |    17 ||    43
Block: Shield            |    42 |    36 ||    78

Table legend:
 A = Non-vault XP
 B = Vault XP
 C = Vault XP percentage of total XP
 D = Non-vault monster count
 E = Vault monster count
 F = Vault count percentage of total count
                 A         B        C        D         E       F
            +---------+---------+-------+---------+---------+-------
      Total |     217 |      38 |  14.9 |      54 |       1 |   1.8
            +---------+---------+-------+---------+---------+-------
        D:1 |      34 |       0 |   0.0 |      19 |       0 |   0.0
        D:2 |     123 |      38 |  23.6 |      26 |       1 |   3.7
        D:3 |      60 |       0 |   0.0 |       9 |       0 |   0.0
            +---------+---------+-------+---------+---------+-------
